 Dungeon Crawl Stone Soup version 0.29.1-1-gd02db6906a (webtiles) character file.

Game seed: 8493653279389776370

35 xian the Trooper (level 3, 0/29 HPs)
             Began as a Demonspawn Abyssal Knight on Sept 26, 2022.
             Was a Believer of Lugonu.
             Slain by a gnoll
             ... wielding a +0 spear
              (6 damage)
             ... on level 2 of the Dungeon.
             The game lasted 00:03:11 (1187 turns).

xian the Trooper (Demonspawn Abyssal Knight)        Turns: 1187, Time: 00:03:12

Health: 0/29       AC:  8    Str: 15    XL:     3   Next: 17%
Magic:  4/4        EV:  6    Int: 11    God:    Lugonu [**....]
Gold:   22         SH:  0    Dex: 13    Spells: 2/2 levels left

rFire   . . .      SeeInvis .   a - +1 hand axe
rCold   . . .      Faith    .   (no shield)
rNeg    . . .      Spirit   .   f - +0 chain mail
rPois   .          Reflect  .   (helmet restricted)
rElec   .          Harm     .   (no cloak)
rCorr   .          Rampage  .   (no gloves)
Will    .....                   (no boots)
Stlth   ..........              (no amulet)
HPRegen 0.09/turn               (no ring)
MPRegen 0.18/turn               (no ring)

@: no status effects
A: antennae 1, magic regeneration
a: Renounce Religion, Depart the Abyss, Bend Space


You were on level 2 of the Dungeon.
You worshipped Lugonu.
Lugonu was pleased with you.
You visited 1 branch of the dungeon, and saw 2 of its levels.
You visited the Abyss 1 time.

You collected 22 gold pieces.

Inventory:

Hand Weapons
 a - a +1 hand axe (weapon)
Missiles
 g - 3 datura-tipped darts (quivered)
Armour
 f - a +0 chain mail (worn)
Scrolls
 b - a scroll of magic mapping {unknown}
 c - a scroll of identify {unknown}
 h - a scroll of brand weapon {unknown}
 l - a scroll of fog {unknown}
 m - a scroll of immolation {unknown}
Potions
 d - a potion of brilliance {unknown}
 e - a potion of degeneration {unknown}
 i - 2 potions of lignification {unknown}
 j - a potion of cancellation {unknown}
 k - 2 potions of curing {unknown}


   Skills:
 + Level 3.5 Fighting
 + Level 2.5 Axes
 + Level 2.0 Armour
 + Level 1.1 Dodging
 + Level 2.5 Invocations


You had 2 spell levels left.
You didn't know any spells.
Your spell library was empty.

Dungeon Overview and Level Annotations

Branches:
Dungeon (2/15)

Altars:


Innate Abilities, Weirdness & Mutations

You have a pair of small antennae on your head.
You regenerate magic rapidly.


Message History

The gnoll hits you from afar with a +0 halberd.
The gnoll hits you but does no damage.
You hit the gnoll but do no damage. The gnoll hits you with a +0 halberd.
You hit the gnoll.
The gnoll is lightly wounded.
The gnoll hits you with a +0 halberd. The gnoll hits you with a +0 halberd!
* * * LOW HITPOINT WARNING * * *
You hit the gnoll.
The gnoll is heavily wounded.
A rat comes into view.
The gnoll barely misses you.
You hit the gnoll.
The gnoll is almost dead.
The gnoll hits you but does no damage.
You slash the gnoll!
You kill the gnoll!
Lugonu accepts your kill.
Your Armour skill increases to level 2!
You have reached level 3!
Your experience leads to an increase in your attributes!
Increase (S)trength, (I)ntelligence, or (D)exterity?
You feel stronger. x2; Your demonic ancestry asserts itself...
Your magic begins to regenerate rapidly.
Okay, then.
You hit the rat.
You kill the rat!
Lugonu accepts your kill. The gnoll closely misses you.
The gnoll hits you but does no damage. The gnoll hits you with a +0 spear.
* * * LOW HITPOINT WARNING * * *
Things that are here:
a +0 halberd; a gnoll corpse You hit the gnoll but do no damage.
The gnoll hits you but does no damage. The gnoll hits you with a +0 spear.
* * * LOW HITPOINT WARNING * * *
The gnoll barely misses you.
You slash the gnoll!
The gnoll is severely wounded.
The gnoll hits you from afar with a +0 spear.
You die...

###### .....#
######### ...#.#
#.......#
...#.#####.#####.#
...#.......# #.#
<..######### #@#
...######## #g#
..........#


ggr ###.......# ....# #<......# #..... ######### ##..... #..... #...#.# You
could see 3 gnolls and a rat.

Vanquished Creatures
  A gnoll (D:2)
  A dart slug (D:1)
  4 endoplasms
  A giant cockroach (D:1)
  3 goblins (D:1)
  2 hobgoblins (D:1)
  2 jackals (D:1)
  2 ball pythons (D:1)
  3 bats (D:1)
  2 kobolds (D:1)
  2 rats
23 creatures vanquished.

Notes
Turn   | Place    | Note
-------+----------+-------------------------------------------
     0 | Abyss:1  | xian the Demonspawn Abyssal Knight began the quest for the
                  | Orb.
     0 | Abyss:1  | Reached XP level 1. HP: 18/18 MP: 2/2
     1 | D:1      | Escaped the Abyss
   258 | D:1      | Reached skill level 1 in Dodging
   274 | D:1      | Gained mutation: You have a pair of small antennae on your
                  | head. [demonic ancestry]
   274 | D:1      | Reached XP level 2. HP: 19/24 MP: 3/3
  1184 | D:2      | Gained mutation: You regenerate magic rapidly. [demonic
                  | ancestry]
  1184 | D:2      | Reached XP level 3. HP: 9/29 MP: 4/4
  1187 | D:2      | Slain by a gnoll

Illustrated notes

Levels and vault maps discovered:
D:1:      minmay_arrival_four_loops, layout_basic
D:2:      minmay_razor_zed, layout_loops_cross

Skill      XL: |  1  2 |
---------------+-------+-----
Dodging        | 1 |  1.1
Axes           | 2 |  2.5
Armour         | 2 |  2.0
Fighting       | |  3.5
Invocations    | |  2.5

Action                   || total
-------------------------++-------
Melee: Hand axe          ||    72
Armor: Chain mail        ||    60
Dodge: Dodged            ||    27
